 Dungeon Crawl Stone Soup version 0.30.1-11-g7821555f0a (webtiles) character file.

Game seed: 11159643799013194582

109 H0rd4k the Trooper (level 5, -3/43 HPs)
             Began as a Human Artificer on Dec 20, 2023.
             Slain by a cerulean imp
             ... wielding a +2 spear
             ... summoned by Natasha
              (6 damage)
             ... on level 2 of the Dungeon.
             The game lasted 00:01:57 (1872 turns).

H0rd4k the Trooper (Human Artificer)                Turns: 1872, Time: 00:01:58

Health: -3/43      AC:  3    Str: 13    XL:     5   Next: 13%
Magic:  5/5        EV: 11    Int: 13    God:
Gold:   105        SH:  0    Dex: 13    Spells: 4/4 levels left

rFire   . . .        a - +0 club
rCold   . . .        (no shield)
rNeg    . . .        b - +0 leather armour
rPois   .            (no helmet)
rElec   .            (no cloak)
rCorr   .            (no gloves)
SInv    .            (no boots)
Will    .....        (no amulet)
Stlth   +            (no ring)
HPRegen 0.27/turn    (no ring)
MPRegen 0.09/turn

%: no passive effects
@: no status effects
A: no striking features
a: no special abilities


You were on level 2 of the Dungeon.
You visited 1 branch of the dungeon, and saw 2 of its levels.

You collected 105 gold pieces.

Inventory:

Hand Weapons
 a - a +0 club (weapon)
Armour
 b - a +0 leather armour (worn)
Jewellery
 g - a ring of flight
Wands
 d - a wand of charming (14)
 e - a wand of iceblast (5)
 n - a wand of paralysis (10)
Scrolls
 f - 2 scrolls of amnesia {unknown}
 k - 3 scrolls of identify {unknown}
 l - a scroll of noise {unknown}
 o - a scroll of magic mapping {unknown}
Potions
 c - a potion of curing {unknown}
 h - a potion of heal wounds {unknown}
 i - a potion of degeneration {unknown}
 j - a potion of lignification {unknown}
 m - a potion of brilliance {unknown}


   Skills:
 + Level 4.5 Fighting
 - Level 2.0 Armour
 - Level 1.0 Dodging
 - Level 1.0 Stealth
 - Level 3.0 Evocations


You had 4 spell levels left.
You didn't know any spells.
Your spell library was empty.

Dungeon Overview and Level Annotations

Branches:
Dungeon (2/15)

Altars:

Annotations:
D:2 Natasha


Message History

You barely miss Natasha.
Natasha is moderately wounded.
Natasha claws you.
The cerulean imp hits you but does no damage.
You hit Natasha.
Natasha is heavily wounded.
Natasha claws you.
The cerulean imp hits you but does no damage.
Natasha claws you!
You hit Natasha.
Natasha is severely wounded.
The cerulean imp barely misses you. Natasha claws you!
* * * LOW HITPOINT WARNING * * *
You barely miss Natasha.
Natasha is severely wounded.
The cerulean imp completely misses you. Natasha claws you.
* * * LOW HITPOINT WARNING * * *
The cerulean imp barely misses you.
You hit Natasha but do no damage.
Natasha is severely wounded.
Natasha claws you.
* * * LOW HITPOINT WARNING * * *
The cerulean imp hits you but does no damage.
Natasha casts a spell.
You miss Natasha.
Natasha is severely wounded.
The cerulean imp closely misses you.
Natasha howls an incantation.
Natasha's front paws start to glow.
Natasha claws you.
* * * LOW HITPOINT WARNING * * *
The cerulean imp hits you with a +2 spear.
* * * LOW HITPOINT WARNING * * *
You miss Natasha.
Natasha is severely wounded.
The cerulean imp hits you from afar with a +0 spear.
* * * LOW HITPOINT WARNING * * *
Natasha claws you but does no damage.
The cerulean imp hits you with a +2 spear.
You die...

........######+#.##
........)).....#.#
........######.#.#
##..[#....# #.#.#
#...#....####.#.#
#...#....+....#.#
#...#....####.#.#
#####....# #.#5#
#....# #.#@# #....#
#.#h# ###### #.#5#
#.#.# ##### #.#.#
....##########.#.#
....'..........#.#
....##########.#.#
###.# #.. ....


You could see Natasha and 2 cerulean imps.

Vanquished Creatures
  5 gnolls
  An adder (D:2)
  A worm (D:2)
  A dart slug (D:1)
  5 ball pythons (D:1)
  5 endoplasms
  3 giant cockroaches
  4 goblins
  8 hobgoblins
  A kobold (D:1)
  A quokka (D:1)
  5 bats
  5 frilled lizards
  2 rats (D:1)
47 creatures vanquished.

Vanquished Creatures (others)
  A rat (D:1)
1 creature vanquished.

Grand Total: 48 creatures vanquished

Notes
Turn   | Place    | Note
-------+----------+-------------------------------------------
     0 | D:1      | H0rd4k the Human Artificer began the quest for the Orb.
     0 | D:1      | Reached XP level 1. HP: 15/15 MP: 1/1
   143 | D:1      | Reached skill level 2 in Fighting
   143 | D:1      | Reached XP level 2. HP: 9/22 MP: 2/2
   375 | D:1      | Found a faded altar of an unknown god.
   380 | D:1      | Reached XP level 3. HP: 23/28 MP: 3/3
   606 | D:1      | Reached skill level 3 in Fighting
  1450 | D:2      | Reached XP level 4. HP: 37/37 MP: 4/4
  1457 | D:2      | Reached skill level 4 in Fighting
  1724 | D:2      | Reached XP level 5. HP: 18/43 MP: 5/5
  1855 | D:2      | Noticed Natasha
  1872 | D:2      | Slain by a cerulean imp

Illustrated notes

Levels and vault maps discovered:
D:1:      dpeg_arrival_lava_temple_mockup, layout_loops_ring,
          nicolae_ecumenical_snake_handling
D:2:      layout_basic, uniq_natasha

Skill      XL: |  1  2  3  4 |
---------------+-------------+-----
Fighting       | 2 3 4 |  4.5
Armour         | |  2.0
Dodging        | |  1.0
Stealth        | |  1.0
Evocations     | |  3.0

Action                     |  1- 3 |  4- 6 || total
---------------------------+-------+-------++-------
  Melee: Club              |   173 |    80 ||   253
         Punch             |     1 |     1 ||     2
  Evoke: Wand              |     7 |    11 ||    18
   Stab: Sleeping          |     3 |       ||     3
         Paralysed         |       |     3 ||     3
 Armour: Leather armour    |    70 |    16 ||    86
  Dodge: Dodged            |   154 |    54 ||   208
